 Dungeon Crawl Stone Soup version 0.30-a0-639-g3916f1956a (webtiles) character file.

Game seed: 15707640030093077161

335 bande the Trooper (level 6, -13/39 HPs)
             Began as a Gargoyle Fighter on Jan 16, 2023.
             Mangled by an ogre
             ... wielding a +0 giant club
              (17 damage)
             ... on level 4 of the Dungeon.
             The game lasted 00:04:31 (2302 turns).

bande the Trooper (Gargoyle Fighter)                Turns: 2302, Time: 00:04:32

Health: -13/39     AC: 20    Str: 20    XL:     6   Next: 53%
Magic:  6/6        EV:  5    Int:  8    God:
Gold:   1424       SH:  4    Dex: 11    Spells: 5/5 levels left

rFire   . . .      SeeInvis .    a - +0 war axe
rCold   . . .      Faith    .    c - +0 buckler
rNeg    + . .      Spirit   .    f - +0 plate armour
rPois   ∞          Reflect  .    (no helmet)
rElec   +          Harm     .    (no cloak)
rCorr   .          Rampage  .    (no gloves)
Will    .....                    (no boots) Stlth
                                 (no amulet)
HPRegen 0.26/turn                k - ring of flight
MPRegen 0.10/turn                o - +4 ring of protection

@: flying
A: sickness immunity, AC +4, negative energy resistance 1, electricity
resistance, torment resistance 1, petrification resistance
a: no special abilities


You were on level 4 of the Dungeon.
You visited 1 branch of the dungeon, and saw 4 of its levels.

You collected 1424 gold pieces.

Inventory:

Hand Weapons
 a - a +0 war axe (weapon)
Armour
 c - a +0 buckler (worn)
 f - a +0 plate armour (worn)
Jewellery
 k - a ring of flight (left hand)
 o - a +4 ring of protection (right hand)
Scrolls
 b - 2 scrolls of blinking
 g - a scroll of identify
 p - 2 scrolls of enchant armour {unknown}
 s - a scroll of fog {unknown}
Potions
 d - 2 potions of might
 e - 2 potions of berserk rage
 l - a potion of lignification {unknown}
 m - a potion of brilliance {unknown}
 n - a potion of mutation {unknown}
 q - a potion of curing {unknown}
 r - a potion of heal wounds {unknown}


   Skills:
 + Level 4.6 Fighting
 + Level 4.3 Axes
 + Level 4.5 Armour
 - Level 0.3 Stealth
 + Level 4.0 Shields


You had 5 spell levels left.
You didn't know any spells.
Your spell library contained the following spells:

 Spells                   Type           Power      Damage    Failure   Level
 Ensorcelled Hibernation  Hex/Ice        0%         N/A       100%        2
 Ozocubu's Armour         Ice            0%         N/A       100%        3
 Spider Form              Tmut/Pois      0%         N/A       100%        3
 Anguish                  Hex/Necr       0%         N/A       100%        4
 Ozocubu's Refrigeration  Ice            0%         4d7       100%        7


Dungeon Overview and Level Annotations

Branches:
Dungeon (4/15)
 Temple: D:4-7

Altars:

Shops:
D:1 (


Innate Abilities, Weirdness & Mutations

You are immune to sickness and miasma.
Your stone body is resilient. (AC +4)
You are immune to poison.
You resist negative energy. (rN+)
You are resistant to electric shocks. (rElec)
You are resistant to unholy torment.
You are immune to petrification.


Message History

You miss something.
Something hits you but does no damage. x2
You closely miss something.
You hear the slow hiss of a distant avalanche of sand.
Something hits you but does no damage.
You miss something. Something hits you.
A hobgoblin comes into view.
You closely miss something.
The hobgoblin shouts!
Something completely misses you. Something hits you but does no damage.
You miss something. You block something's attack.
You hit something.
An orc wizard appears from thin air!
Reactivating autopickup.
The orc wizard gestures wildly while chanting.
The orc wizard flickers and vanishes!
Deactivating autopickup; reactivate with Ctrl-A.
You barely miss something.
You hear some strange, mumbled words.
A puff of flame appears from out of thin air!
The puff of flame hits you!
You closely miss something.
You hear some strange, mumbled words.
A puff of flame appears from out of thin air!
The puff of flame hits you! Something hits you but does no damage.
You slash something!
Reactivating autopickup.
You feel a bit more experienced.
You slash the orc!
You kill the orc!
The orc hits you with a +0 flail.
* * * LOW HITPOINT WARNING * * *
You slash the orc!
You kill the orc!
You hit the ogre.
The ogre is lightly wounded.
The ogre hits you with a +0 giant club.
* * * LOW HITPOINT WARNING * * *
You barely miss the ogre.
The ogre is lightly wounded.
The ogre hits you with a +0 giant club!
You die... #.........# #.........# ...$..... .......
Jggg.
JgK

#O#
#@####
##....#
##.....##
#...))).#
+...)...#
#.......#
##.....##
##....#
######


You could see an ogre, a jelly, 3 gnolls, an endoplasm, a hobgoblin and a
kobold.

Vanquished Creatures
  Sigmund (D:2)
  A howler monkey (D:4)
  2 orc wizards (D:4)
  A gnoll (D:4)
  2 adders (D:2)
  2 worms (D:2)
  6 orcs
  4 bats
  3 endoplasms
  A giant cockroach (D:1)
  10 goblins
  6 hobgoblins
  2 quokkas (D:3)
  A ball python (D:3)
  4 frilled lizards
  7 kobolds
  2 rats (D:1)
55 creatures vanquished.

Notes
Turn   | Place    | Note
-------+----------+-------------------------------------------
     0 | D:1      | bande the Gargoyle Fighter began the quest for the Orb.
     0 | D:1      | Reached XP level 1. HP: 14/14 MP: 1/1
   165 | D:1      | Reached XP level 2. HP: 19/19 MP: 2/2
   529 | D:1      | Found Selej's Weapon Emporium.
   779 | D:2      | Noticed Sigmund
   795 | D:2      | Killed Sigmund
   796 | D:2      | Reached XP level 3. HP: 5/24 MP: 3/3
   796 | D:2      | Reached XP level 4. HP: 6/30 MP: 4/4
   796 | D:2      | Reached XP level 5. HP: 7/34 MP: 5/5
  1884 | D:2      | Reached XP level 6. HP: 39/39 MP: 6/6
  2188 | D:4      | Identified a scroll of acquirement
  2188 | D:4      | Acquired 1173 gold pieces
  2302 | D:4      | Mangled by an ogre

Illustrated notes

Levels and vault maps discovered:
D:1:      lightli_iron_boxes, layout_basic, serial_shops,
          nicolae_shop_bloodbath_and_beyond
D:2:      minmay_inner_zag, layout_rooms,
          nicolae_concentric_dashed_squares_mild, uniq_sigmund
D:3:      layout_rooms
D:4:      minmay_polygon_palace, layout_loops_ring, temple_statues,
          nicolae_ossuary_entry_false_entrances, kennysheep_generic_room_7

Skill      XL: |  1  2  3  4  5  6 |
---------------+-------------------+-----
Axes           | 3 4 |  4.3
Fighting       | 4 |  4.6
Armour         | 4 |  4.5
Shields        | 4 |  4.0
Stealth        | |  0.3

Action                   |  1- 3 |  4- 6 || total
-------------------------+-------+-------++-------
Melee: War axe           |    55 |   139 ||   194
  Use: Scroll            |       |     5 ||     5
Armor: Scale mail        |    10 |       ||    10
       Plate armour      |    28 |   104 ||   132
Dodge: Dodged            |    22 |    26 ||    48
Block: Buckler           |    12 |    25 ||    37

Table legend: (Time is in decaauts)
 A = Elapsed time spent in this place.
 B = Non-inter-level travel time spent in this place.
 C = Inter-level travel time spent in this place.
 D = Time resting spent in this place.
 E = Time spent auto-exploring this place.
 F = Levels seen in this place.
 G = Mean time per level.
                   A        B        C        D        E       F      G
               +--------+--------+--------+--------+--------+-----+--------+
         Total |   2374 |   2297 |     77 |    207 |   1516 |   4 |  593.5 |
       Dungeon |   2374 |   2297 |     77 |    207 |   1516 |   4 |  593.5 |
               +--------+--------+--------+--------+--------+-----+--------+

Top non-repeatable levels by time:
     D:2: 917 daAuts
     D:1: 777 daAuts
     D:3: 513 daAuts
     D:4: 166 daAuts
